 Dungeon Crawl Stone Soup version 0.29-a0-451-gfbfa42419e (webtiles) character file.

Game seed: 8295267511454343372

361 Bruhh the Insei (level 6, -1/38 HPs)
             Began as an Octopode Transmuter on May 19, 2022.
             Was an Initiate of Ashenzari.
             Slain by a gnoll
             ... wielding a +0 club
             ... led by a gnoll shaman
              (8 damage)
             ... on level 5 of the Dungeon.
             The game lasted 00:06:18 (5684 turns).

Bruhh the Insei (Octopode Transmuter)               Turns: 5684, Time: 00:06:19

Health: -1/38      AC:  2    Str: 10    XL:     6   Next: 66%
Magic:  1/9        EV: 19    Int: 17    God:    Ashenzari [......]
Gold:   235        SH:  0    Dex: 17    Spells: 5/9 levels left

rFire   . . .      SeeInvis .     - Unarmed
rCold   . . .      Faith    .   (shield currently unavailable)
rNeg    . . .      Spirit   .   (helmet currently unavailable)
rPois   x          Reflect  .   (no amulet)
rElec   .          Harm     .   (no ring)
rCorr   .          Rampage  .   (no ring)
Will    .....                   (no ring)
Stlth   ++........              (no ring)
HPRegen 0.12/turn               (no ring)
MPRegen 0.11/turn               (no ring)
                                (no ring)
                                (no ring)

@: mighty, brilliant, spider-form (expiring), very slightly contaminated
A: venomous fangs, almost no armour, (amphibious), 8 rings, tiny, (camouflage
1), (gelatinous body 1), (nimble swimmer 1), (tentacles)
a: End Transformation, Renounce Religion


You were on level 5 of the Dungeon.
You worshipped Ashenzari.
Ashenzari was noncommittal.
You were a venomous arachnid creature.
You visited 2 branches of the dungeon, and saw 6 of its levels.

You collected 235 gold pieces.

Inventory:

Jewellery
 j - a +6 ring of strength
 k - a +6 ring of intelligence
Scrolls
 c - a scroll of teleportation
 g - a scroll of fear
 h - a scroll of silence {unknown}
 i - 2 scrolls of enchant weapon
 n - a scroll of blinking
 p - a scroll of noise {unknown}
Potions
 a - 2 potions of lignification
 d - a potion of resistance {unknown}
 e - a potion of brilliance
 l - a potion of might
 m - a potion of mutation {unknown}
 o - 3 potions of cancellation {unknown}
 q - a potion of flight {unknown}


   Skills:
 - Level 1.0 Fighting
 - Level 2.0 Dodging
 + Level 7.3 Unarmed Combat
 - Level 2.0 Spellcasting
 - Level 2.0 Transmutations


You had 5 spell levels left.
You knew the following spells:

 Your Spells              Type           Power      Damage    Failure   Level
a - Beastly Appendage     Tmut           24%        N/A       22%         1
b - Spider Form           Tmut/Pois      7%         N/A       58%         3

Your spell library contained the following spells:

 Spells                   Type           Power      Damage    Failure   Level
 Wereblood                Tmut           12%        N/A       30%         2
 Freeze                   Ice            8%         1d3       38%         1
 Sandblast                Erth           4%         2d4       38%         1
 Summon Small Mammal      Summ           8%         N/A       38%         1
 Passwall                 Tmut/Erth      5%         N/A       38%         2
 Ensorcelled Hibernation  Hex/Ice        4%         N/A       50%         2
 Call Canine Familiar     Summ           2%         N/A       71%         3
 Dazzling Flash           Conj/Hex       4%         N/A       71%         3
 Frozen Ramparts          Ice            4%         1d2       71%         3
 Stone Arrow              Conj/Erth      4%         3d7       71%         3
 Summon Guardian Golem    Hex/Summ       2%         N/A       71%         3
 Ice Form                 Ice/Tmut       7%         N/A       90%         4
 Anguish                  Hex/Necr       1%         N/A       96%         4
 Hailstorm                Conj/Ice       2%         3d3       96%         4
 Iskenderun's Mystic Bla  Conj/Tloc      2%         2d3       96%         4
 Starburst                Conj/Fire      1%         6d3       100%        6


Dungeon Overview and Level Annotations

Branches:
Dungeon (5/15)             Temple (1/1) D:4

Altars:
Ashenzari
Elyvilon
Hepliaklqana
Kikubaaqudgha
Okawaru
Qazlal
Sif Muna
Uskayaw
Wu Jian
Xom
Yredelemnul
Zin

Annotations:
D:4 Dowan, Duvessa
D:5 Menkaure


Innate Abilities, Weirdness & Mutations

You are a venomous arachnid creature.
You have poisonous fangs.
You are tiny and dextrous.
Your spellcasting is less reliable in this form.
Your armour is entirely melded.
You are incapable of wielding weapons or throwing items.
You cannot wear most types of armour.
((You are amphibious.))
You can wear up to eight rings at the same time.
((Your skin changes colour to match your surroundings (Stealth+).))
((Your rubbery body absorbs attacks. (AC +1, EV +1)))
((You are camouflaged when in or above water. (Stealth+)))
((You have tentacles for arms and can constrict up to eight enemies at once.))


Message History

The orc wizard is moderately wounded.
The gnoll closely misses you. x2
The orc wizard casts a spell at you. The magic dart hits you.
You are too injured to fight recklessly!
You are too injured to fight recklessly!
You are too injured to fight recklessly!
You are too injured to fight recklessly!
Unknown command.
You bite the orc wizard!
The orc wizard looks as sick as possible!
The orc wizard is almost dead.
You kill the orc wizard!
The gnoll closely misses you. The gnoll barely misses you.
Your transformation is almost over.
The gnoll completely misses you.
Things that are here:
a +0 dagger; a +0 robe You bite the gnoll!
The gnoll is poisoned.
The gnoll is heavily wounded.
The gnoll misses you. The gnoll hits you with a +0 club.
You completely miss the gnoll.
The gnoll is heavily wounded.
The adder bites you but does no damage. The gnoll closely misses you.
The gnoll hits you with a +0 whip.
* * * LOW HITPOINT WARNING * * *
The adder bites you.
* * * LOW HITPOINT WARNING * * *
It was a potion of brilliance.
You feel clever all of a sudden. The adder bites you.
* * * LOW HITPOINT WARNING * * *
The gnoll misses you. The gnoll closely misses you.
Unknown command.
It was a potion of might.
You feel very mighty all of a sudden.
You kill the gnoll!
Menkaure, Prince of Dust comes into view.
The adder closely misses you. The gnoll hits you with a +0 club!
You die...

....... #.####.#..
....... ##..........
#.....######....^......#
.....#................#
.....................#
#...................
#........<.......#
#.<......g.......#####
#.......s).............
#.)[.....S............#
#..)...................
##..............###..#.
##.....#.........?....
#######.##<.$.....##
#.#.......###
#...g.M.#.##..#.
#...#g.o.........


You could see Menkaure, a gnoll and an adder.

Vanquished Creatures
  A scorpion (D:3)
  4 hounds
  An orc wizard (D:5)
  6 adders
  2 gnolls (D:5)
  2 ufetubi (D:4)
  A worm (D:3)
  5 dart slugs
  4 orcs
  5 ball pythons
  5 endoplasms
  2 giant cockroaches
  12 hobgoblins
  7 jackals
  A quokka (D:1)
  3 bats
  3 frilled lizards
  5 goblins
  6 kobolds
  4 rats
79 creatures vanquished.

Notes
Turn   | Place    | Note
-------+----------+-------------------------------------------
     0 | D:1      | Bruhh the Octopode Transmuter began the quest for the Orb.
     0 | D:1      | Reached XP level 1. HP: 13/13 MP: 3/3
   201 | D:1      | Reached XP level 2. HP: 18/18 MP: 3/5
   785 | D:1      | Reached skill level 4 in Unarmed Combat
   973 | D:1      | Found a faded altar of an unknown god.
   981 | D:1      | Reached XP level 3. HP: 23/23 MP: 4/6
   995 | D:1      | Learned a level 3 spell: Spider Form
  1726 | D:2      | Reached XP level 4. HP: 26/28 MP: 5/7
  2365 | D:3      | Noticed a scorpion
  2374 | D:3      | Killed a scorpion
  2375 | D:3      | Reached skill level 5 in Unarmed Combat
  2375 | D:3      | Reached XP level 5. HP: 31/33 MP: 4/8
  2564 | D:3      | Identified the +0 ring mail of Creativity {rF+ Dex+4}
  2756 | D:3      | Reached skill level 6 in Unarmed Combat
  3219 | D:3      | Noticed a water moccasin
  3689 | D:4      | Reached XP level 6. HP: 8/38 MP: 9/9
  4500 | D:4      | Noticed Duvessa
  4500 | D:4      | Noticed Dowan
  4718 | D:5      | Entered Level 5 of the Dungeon
  4752 | D:5      | Reached skill level 7 in Unarmed Combat
  5000 | D:5      | Noticed a water moccasin
  5489 | D:4      | Found a staircase to the Ecumenical Temple.
  5513 | Temple   | Entered the Ecumenical Temple
  5611 | Temple   | Became a worshipper of Ashenzari the Shackled
  5684 | D:5      | Noticed Menkaure
  5684 | D:5      | Slain by a gnoll

Illustrated notes

Levels and vault maps discovered:
D:1:      lightli_arrival_statue_moat, layout_loops_ring,
          hellmonk_ecumenical_altar_dog_temple, minmay_misc_feat_columns
D:2:      layout_basic, kennysheep_generic_room_3
D:3:      minmay_recursive_quarters, layout_basic, minivault_19,
          lightli_corner_chamber
D:4:      layout_basic, minmay_temple_entry_hall, kennysheep_cross_room,
          uniq_duvessa, uniq_ijyb
D:5:      layout_rooms, nicolae_dithmenos_the_darkroom, general_overflow_altar,
          uniq_menkaure
Temple:   nicolae_temple_elliptical

Skill      XL: |  1  2  3  4  5  6 |
---------------+-------------------+-----
Unarmed Combat | 4 5 6 7 |  7.3
Fighting       | |  1.0
Dodging        | |  2.0
Spellcasting   | |  2.0
Transmutations | |  2.0

Action                   |  1- 3 |  4- 6 || total
-------------------------+-------+-------++-------
Melee: Unarmed           |    68 |   110 ||   178
       Kick              |    21 |    16 ||    37
       Tentacles         |    11 |    16 ||    27
       Constrict         |    19 |    17 ||    36
       Punch             |       |     2 ||     2
 Cast: Beastly Appendage |    24 |    27 ||    51
       Spider Form       |       |     4 ||     4
  Use: Potion            |       |     7 ||     7
       Scroll            |       |     4 ||     4
 Stab: Sleeping          |     5 |     9 ||    14
Armor: Skin              |     6 |     9 ||    15
Dodge: Dodged            |    33 |   101 ||   134

Table legend: (Time is in decaauts)
 A = Elapsed time spent in this place.
 B = Non-inter-level travel time spent in this place.
 C = Inter-level travel time spent in this place.
 D = Time resting spent in this place.
 E = Time spent auto-exploring this place.
 F = Levels seen in this place.
 G = Mean time per level.
                   A        B        C        D        E       F      G
               +--------+--------+--------+--------+--------+-----+--------+
         Total |   5667 |   5394 |    273 |    362 |   4350 |   6 |  944.5 |
       Dungeon |   5541 |   5312 |    229 |    362 |   4280 |   5 | 1108.2 |
        Temple |    126 |     82 |     44 |      0 |     70 |   1 |  126.0 |
               +--------+--------+--------+--------+--------+-----+--------+

Top non-repeatable levels by time:
     D:3: 1724 daAuts
     D:1: 1510 daAuts
     D:4: 1170 daAuts
     D:2: 823 daAuts
     D:5: 311 daAuts
  Temple: 126 daAuts
